 Dungeon Crawl Stone Soup version 0.26-a0-259-g1effd001a9 (webtiles) character file.

Game seed: 11047680418123949668

928 Apogee the Reanimator (level 7, -1/64 HPs)
             Began as a Deep Dwarf Necromancer on July 17, 2020.
             Was an Initiate of Makhleb.
             Slain by an orc warrior
             ... wielding a +0 dire flail
              (21 damage)
             ... on level 6 of the Dungeon.
             The game lasted 00:19:05 (6685 turns).

Apogee the Reanimator (Deep Dwarf Necromancer)      Turns: 6685, Time: 00:19:05

Health: -1/64      AC: 10    Str: 13    XL:     7   Next: 85%
Magic:  0/11       EV: 12    Int: 16    God:    Makhleb [......]
Gold:   303        SH:  0    Dex: 13    Spells: 4/12 levels left

rFire    . . .     SeeInvis .   v - +4 dagger
rCold    . . .     Faith    .   (no shield)
rNeg     . . .     Spirit   .   q - +3 leather armour
rPois    .         Reflect  .   (no helmet)
rElec    .         Harm     .   (no cloak)
rCorr    .                      r - +2 pair of gloves
MR       +....                  x - +0 pair of boots
Stlth    ++........             (no amulet)
HPRegen  0.00/turn              (no ring)
MPRegen  0.12/turn              (no ring)

@: non-regenerating
A: damage resistance, heal wounds, sense surroundings 1, no regeneration
a: Heal Wounds, Renounce Religion


You were on level 6 of the Dungeon.
You worshipped Makhleb.
Makhleb was noncommittal.
You were not hungry.

You visited 2 branches of the dungeon, and saw 7 of its levels.

You collected 303 gold pieces.

Inventory:

Hand Weapons
 b - a cursed -1 dagger
 d - a +0 club
 f - a +0 whip
 v - a +4 dagger (weapon)
Missiles
 g - 2 boomerangs of dispersal (quivered)
Armour
 a - a +0 robe
 q - a +3 leather armour (worn)
 r - a +2 pair of gloves (worn)
 x - a +0 pair of boots (worn)
Jewellery
 w - an uncursed ring of positive energy {unknown}
 y - an uncursed ring of protection from magic {unknown}
Scrolls
 e - 4 scrolls of remove curse
 h - a scroll of teleportation
 j - a scroll of immolation
 k - 4 scrolls of identify
 l - 2 scrolls of magic mapping
 n - 4 scrolls of amnesia
 u - a scroll of fear {unknown}
Potions
 i - a potion of curing
 m - 4 potions of cancellation {unknown}
 o - a potion of brilliance {unknown}
 p - 3 potions of flight {unknown}
 s - a potion of invisibility {unknown}
 t - a potion of ambrosia {unknown}
Comestibles
 c - 9 rations


   Skills:
 - Level 4.0 Fighting
 - Level 2.2 Dodging
 - Level 2.7 Stealth
 - Level 3.0 Spellcasting
 + Level 9.0 Necromancy


You had 4 spell levels left.
You knew the following spells:

 Your Spells              Type           Power        Failure   Level
a - Pain                  Necr           ####         1%          1
b - Vampiric Draining     Necr           ####......   1%          3
c - Animate Dead          Necr           ####......   6%          4

Your spell library contained the following spells:

 Spells                   Type           Power        Failure   Level
 Animate Skeleton         Necr           ####..       1%          1
 Agony                    Necr           ####....     16%         5


Dungeon Overview and Level Annotations

Branches:
Dungeon (6/15)             Temple (1/1) D:5

Altars:
Ashenzari
Cheibriados
Dithmenos
Fedhas
Gozag
Hepliaklqana
Kikubaaqudgha
Makhleb
Okawaru
Ru
Trog
Uskayaw
Vehumet
Wu Jian
Xom
Yredelemnul
Zin

Annotations:
D:4 Blork the orc
D:5 Menkaure


Innate Abilities, Weirdness & Mutations

You are resistant to damage.
You can heal yourself by infusing magical energy.
You passively map a small area around you.
You do not regenerate.


Message History

a +1 flail of protection; a +0 chain mail
There is an open door here.
You feel much better.
The orc warrior hits you with a +0 dire flail.
Casting: Pain (safe; 1% risk of failure)
Confirm with . or Enter, or press ? or * to list all spells.
Aiming: Pain (safe; 1% risk of failure)
Press: ? - help, Shift-Dir - straight line, f/p - orc warrior
Aim: an orc warrior, wielding a +0 dire flail and wearing a +0 chain mail (heavily wounded, chance to defeat MR: 84%)
The orc warrior writhes in agony!
The orc warrior hits you with a +0 dire flail!
You closely miss the orc warrior.
The orc warrior is almost dead.
You closely miss the orc warrior.
The orc warrior is almost dead.
The orc warrior hits you with a +0 dire flail!
You barely miss the orc warrior.
The orc warrior is almost dead.
The orc warrior hits you with a +0 dire flail!!
You die...

, #.......#.###### #.# ,
* #.....#.#......# #.# *
#.....#.######.# #.# *
#.....#.# #.###.# , *
#....<#.# #.#.... , ,
*####...#.#.######.#.###
,,*
#........#........#.†<.
#....##################
* * #...oo@.......,,
#...##########* * * *
####'## * #######).).# *
,,#.......####
,+.......# #+#......## ,
.........######
...........$.... ,


You could see an orc warrior and an orc.

Vanquished Creatures
  Edmund (D:6)
  An ice beast (D:5)
  An ogre (D:4)
  A bullfrog (D:6)
  2 hounds
  A bullfrog skeleton (D:4)
  3 orc priests
  6 worker ants
  3 gnolls (D:3)
  7 adders
  A shadow imp (D:5)
  2 worms (D:2)
  3 dart slugs
  2 leopard geckos
  19 orcs
  3 ball pythons
  9 bats
  9 giant cockroaches
  13 goblins
  9 hobgoblins
  13 jackals
  2 quokkas
  5 frilled lizards
  12 kobolds
  12 rats
140 creatures vanquished.

Vanquished Creatures (collateral kills)
  An orc (D:4)
1 creature vanquished.

Grand Total: 141 creatures vanquished

Notes
Turn   | Place    | Note
-------+----------+-------------------------------------------
     0 | D:1      | Apogee the Deep Dwarf Necromancer began the quest for the
                  | Orb.
     0 | D:1      | Reached XP level 1. HP: 15/15 MP: 3/3
    99 | D:1      | Reached XP level 2. HP: 17/22 MP: 0/4
   491 | D:1      | Reached skill level 1 in Fighting
   674 | D:1      | Reached XP level 3. HP: 24/31 MP: 2/5
  1254 | D:2      | Reached skill level 5 in Necromancy
  1450 | D:2      | Reached XP level 4. HP: 27/39 MP: 0/7
  2323 | D:2      | Learned a level 3 spell: Vampiric Draining
  3013 | D:3      | Reached XP level 5. HP: 24/45 MP: 0/9
  3562 | D:3      | Found an opulent altar of Gozag.
  4334 | D:4      | Reached skill level 6 in Necromancy
  4576 | D:4      | Reached XP level 6. HP: 56/56 MP: 5/10
  4699 | D:4      | Learned a level 4 spell: Animate Dead
  5303 | D:4      | Reached XP level 7. HP: 40/64 MP: 5/11
  5379 | D:4      | Noticed Blork the orc
  5663 | D:5      | Entered Level 5 of the Dungeon
  5672 | D:5      | Noticed Menkaure
  5673 | D:5      | Reached skill level 7 in Necromancy
  5988 | D:5      | Found a staircase to the Ecumenical Temple.
  6002 | Temple   | Entered the Ecumenical Temple
  6008 | Temple   | Became a worshipper of Makhleb the Destroyer
  6354 | D:6      | Reached skill level 8 in Necromancy
  6551 | D:6      | Noticed Edmund
  6560 | D:6      | Killed Edmund
  6662 | D:6      | Reached skill level 9 in Necromancy
  6685 | D:6      | Slain by an orc warrior

Illustrated notes

Levels and vault maps discovered:
D:1:      wander_arrival_chamber, layout_rooms, minmay_pentomino_q4
D:2:      kennysheep_six_static_rooms, layout_basic, minmay_indecisive_spiral
D:3:      layout_basic, nicolae_gozag_seed_capital, first_ration
D:4:      layout_loops_ring, uniq_blork_the_orc
D:5:      layout_gridville, minmay_temple_entry_trees, uniq_menkaure
D:6:      layout_basic, uniq_pikel, uniq_edmund
Temple:   dpeg_three_leaves_temple

Skill      XL: |  1  2  3  4  5  6  7 |
---------------+----------------------+-----
Fighting       | 1 2 3 4 |  4.0
Spellcasting   | 2 3 |  3.0
Necromancy     | 5 6 9 |  9.0
Dodging        | |  2.2
Stealth        | |  2.7

Action                   |  1- 3 |  4- 6 |  7- 9 || total
-------------------------+-------+-------+-------++-------
Melee: Club              |    20 |       |       ||    20
       Whip              |    11 |    68 |       ||    79
       Dagger            |       |       |    27 ||    27
Throw: Boomerang         |       |       |     1 ||     1
 Cast: Pain              |    79 |   119 |    39 ||   237
       Vampiric Draining |       |    24 |    15 ||    39
       Animate Dead      |       |     1 |       ||     1
 Abil: Heal Wounds       |       |       |     1 ||     1
  Use: Scroll            |       |       |     8 ||     8
       Potion            |       |       |     1 ||     1
 Stab: Sleeping          |     1 |       |       ||     1
  Eat: Ration            |     1 |     3 |     1 ||     5
Armor: Robe              |    10 |     5 |       ||    15
       Leather armour    |       |    22 |     6 ||    28
Dodge: Dodged            |    29 |    86 |    21 ||   136

Table legend:
 A = Non-vault XP
 B = Vault XP
 C = Vault XP percentage of total XP
 D = Non-vault monster count
 E = Vault monster count
 F = Vault count percentage of total count
                 A         B        C        D         E       F
            +---------+---------+-------+---------+---------+-------
      Total |    1147 |     180 |  13.6 |     126 |      15 |  10.6
            +---------+---------+-------+---------+---------+-------
        D:1 |      59 |       8 |  11.9 |      32 |       4 |  11.1
        D:2 |      72 |      14 |  16.3 |      27 |      10 |  27.0
        D:3 |     159 |       0 |   0.0 |      30 |       0 |   0.0
        D:4 |     425 |       0 |   0.0 |      16 |       0 |   0.0
        D:5 |     203 |       0 |   0.0 |      10 |       0 |   0.0
        D:6 |     229 |     158 |  40.8 |      11 |       1 |   8.3
            +---------+---------+-------+---------+---------+-------
